 Dungeon Crawl Stone Soup version 0.27.1-4-g1640c2035a (webtiles) character file.

Game seed: 5826057245890501378

161 zeram the Cudgeller (level 5, -3/52 HPs)
             Began as a Troll Fighter on Nov 11, 2021.
             Was an Initiate of Gozag.
             Slain by an orc warrior (9 damage)
             ... on level 3 of the Dungeon.
             The game lasted 00:04:39 (2419 turns).

zeram the Cudgeller (Troll Fighter)                 Turns: 2419, Time: 00:04:40

Health: -3/52      AC:  4    Str: 28    XL:     5   Next: 19%
Magic:  4/4        EV:  8    Int:  5    God:    Gozag
Gold:   292        SH:  9    Dex:  9    Spells: 4/4 levels left

rFire    . . .     SeeInvis .   h - +1 whip (freeze)
rCold    . . .     Faith    .   c - +0 kite shield
rNeg     . . .     Spirit   .   l - +0 robe of Muttered Phrases {rElec Will- Str+4}
rPois    .         Reflect  .   (helmet restricted)
rElec    +         Harm     .   (no cloak)
rCorr    .         Rampage  .   (gloves unavailable)
Will     .....                  (boots unavailable)
Stlth    +.........             (no amulet)
HPRegen  1.17/turn              (no ring)
MPRegen  0.09/turn              (no ring)

@: mighty
A: large, unfitting armour, claws 3, regeneration 1, shaggy fur 1, tough skin 1
a: Renounce Religion, Potion Petition, Call Merchant, Bribe Branch


You were on level 3 of the Dungeon.
You worshipped Gozag.
Gozag was aware of your devotion.
You visited 1 branch of the dungeon, and saw 4 of its levels.

You collected 313 gold pieces.
You paid 21 gold pieces to Gozag.

Inventory:

Hand Weapons
 a - a +0 flail
 f - a +1 dagger of holy wrath
 h - a +1 whip of freezing (weapon)
Missiles
 j - a throwing net (quivered)
Armour
 b - a +0 robe
 c - a +0 kite shield (worn)
 l - the +0 robe of Muttered Phrases (worn) {rElec Will- Str+4}
   (You found it on level 4 of the Dungeon)

   Str:       It affects your strength (+4).
   rElec:     It insulates you from electricity.
   Will:      It decreases your willpower.
Scrolls
 e - 2 scrolls of identify
 i - a scroll of fear {unknown}
Potions
 g - 4 potions of lignification
 k - a potion of heal wounds {unknown}


   Skills:
 + Level 2.8 Fighting
 + Level 3.4 Maces & Flails
 + Level 3.1 Dodging
 + Level 3.1 Shields


You had 4 spell levels left.
You didn't know any spells.
Your spell library contained the following spells:

 Spells                   Type           Power      Damage    Failure   Level
 Beastly Appendage        Tmut           0%         N/A       88%         1
 Pain                     Necr           0%         1d4       88%         1
 Wereblood                Tmut           0%         N/A       95%         2
 Spider Form              Tmut/Pois      0%         N/A       99%         3
 Stone Arrow              Conj/Erth      0%         3d7       99%         3
 Animate Armour           Summ/Erth      0%         N/A       100%        4
 Agony                    Necr           0%         N/A       100%        5
 Excruciating Wounds      Necr           0%         N/A       100%        5
 Lehudib's Crystal Spear  Conj/Erth      0%         10d2      100%        8


Dungeon Overview and Level Annotations

Branches:
Dungeon (4/15)
 Temple: D:4-7

Altars:
Gozag

Annotations:
D:4 Edmund


Innate Abilities, Weirdness & Mutations

You are too large for most types of armour.
You have claws for hands.
Your natural rate of healing is unusually fast.
You are covered in fur. (AC +1)
You have tough skin. (AC +1)


Message History

The orc warrior is distracted by your dazzling golden aura.
The orc is distracted by your dazzling golden aura.
A quokka comes into view.
The orc warrior shouts!
You hit the orc warrior but do no damage.
The orc warrior is no longer distracted by gold.
The orc is no longer distracted by gold.
You block the orc warrior's attack.
The orc is distracted by your dazzling golden aura.
You barely miss the orc warrior.
The orc shouts!
The orc is no longer distracted by gold.
The orc warrior hits you with a +0 dire flail!!
You block the orc warrior's attack.
You closely miss the orc warrior.
The giant cockroach is distracted by your dazzling golden aura.
The orc warrior hits you with a +0 dire flail!!
You are too injured to fight recklessly!
Unknown command.
The giant cockroach is no longer distracted by gold.
There is a stone staircase leading up here.
The orc warrior hits you with a +0 dire flail!
* * * LOW HITPOINT WARNING * * *
You climb upwards.
There is a stone staircase leading down here.
You feel very mighty all of a sudden.
The orc warrior hits you with a +0 dire flail!
* * * LOW HITPOINT WARNING * * *
You hit the orc warrior but do no damage.
The orc warrior closely misses you.
You barely miss the orc warrior. You block the orc warrior's attack.
Your shield prevents you from hitting the orc warrior.
The orc warrior hits you with a +0 dire flail.
* * * LOW HITPOINT WARNING * * *
You hit the orc warrior but do no damage.
You block the orc warrior's attack.
You barely miss the orc warrior. You block the orc warrior's attack.
The orc warrior hits you with a +0 dire flail!
You die...
Your body crumbles into a pile of gold.

####### #.....# ###.###.#
#...###.# #.....#.#####
########..##.#..o..######
................@.......#
#.#..........#####.##..##
#.#.##.##...## #.##..##
#.#.##.##.### #.##...#
#.#....##.# ########
#.#######.#####
#.#######.....#
...........####
...........#


You could see an orc warrior.

Vanquished Creatures
  A hound (D:4)
  4 adders
  An adder skeleton (D:4)
  A worm (D:2)
  5 dart slugs
  3 orcs (D:4)
  4 ball pythons
  4 bats
  4 endoplasms
  2 giant cockroaches
  10 goblins
  7 hobgoblins
  4 quokkas
  9 frilled lizards
  13 kobolds
  6 rats
78 creatures vanquished.

Notes
Turn   | Place    | Note
-------+----------+-------------------------------------------
     0 | D:1      | zeram the Troll Fighter began the quest for the Orb.
     0 | D:1      | Reached XP level 1. HP: 22/22 MP: 0/0
   134 | D:1      | Reached XP level 2. HP: 29/29 MP: 1/1
   220 | D:1      | Found a faded altar of an unknown god.
   437 | D:1      | Reached XP level 3. HP: 36/36 MP: 2/2
   606 | D:2      | Found an opulent altar of Gozag.
  1257 | D:2      | Reached XP level 4. HP: 43/44 MP: 3/3
  1292 | D:2      | Became a worshipper of Gozag Ym Sagoz the Greedy
  2109 | D:4      | Reached XP level 5. HP: 49/52 MP: 4/4
  2232 | D:4      | Identified the +0 robe of Muttered Phrases {rElec Will-
                  | Str+4}
  2399 | D:4      | Noticed an orc warrior
  2400 | D:4      | Noticed Edmund
  2419 | D:3      | Slain by an orc warrior

Illustrated notes

Levels and vault maps discovered:
D:1:      lemuel_arrival_funnel, layout_rooms, shapermc_ecumenical_altar_venn,
          kennysheep_doodads
D:2:      layout_loops_corners, basic_altar
D:3:      layout_basic
D:4:      minmay_bubble_buster, layout_loops_ring, kennysheep_little_box,
          kennysheep_generic_room_2, uniq_menkaure, uniq_edmund

Skill      XL: |  1  2  3  4 |
---------------+-------------+-----
Maces & Flails | 2 3 |  3.4
Dodging        | 3 |  3.1
Shields        | 3 |  3.1
Fighting       | |  2.8

Action                   |  1- 3 |  4- 6 || total
-------------------------+-------+-------++-------
Melee: Flail             |    77 |       ||    77
       Whip              |    82 |    96 ||   178
  Use: Scroll            |     1 |       ||     1
       Potion            |       |     1 ||     1
Armor: Robe              |    71 |    15 ||    86
Dodge: Dodged            |    60 |    24 ||    84
Block: Kite shield       |    76 |    34 ||   110
